 Dungeon Crawl Stone Soup version 0.30-a0-618-gd6c86c23d0 (webtiles) character file.

Game seed: 10264420932921172106

308 bjtr the Digger (level 6, -6/35 HPs)
             Began as a Gargoyle Earth Elementalist on Jan 10, 2023.
             Mangled by Menkaure (20 damage)
             ... on level 4 of the Dungeon.
             The game lasted 00:15:47 (2990 turns).

bjtr the Digger (Gargoyle Earth Elementalist)       Turns: 2990, Time: 00:15:47

Health: -6/35      AC: 10    Str: 11    XL:     6   Next: 40%
Magic:  1/10       EV: 13    Int: 18    God:
Gold:   147        SH:  4    Dex: 14    Spells: 2/11 levels left

rFire   . . .      SeeInvis .    a - +5 spear "Ysoor" {pain, rPois rN+ rCorr Dex+4}
rCold   . . .      Faith    .    y - +0 buckler
rNeg    + + .      Spirit   .    v - +0 leather armour
rPois   ∞          Reflect  .    n - +2 helmet
rElec   +          Harm     .    (no cloak)
rCorr   +          Rampage  .    (no gloves)
Will    .....                    (no boots)
Stlth   ++                       (no amulet)
HPRegen 0.25/turn                A - +5 ring of evasion
MPRegen 0.12/turn                (no ring)

@: constricted
A: sickness immunity, AC +4, negative energy resistance 1, electricity
resistance, torment resistance 1, petrification resistance
a: no special abilities


You were on level 4 of the Dungeon.
You visited 1 branch of the dungeon, and saw 4 of its levels.

You collected 147 gold pieces.

Inventory:

Hand Weapons
 a - the +5 spear "Ysoor" (weapon) {pain, rPois rN+ rCorr Dex+4}
   (You found it on level 2 of the Dungeon)

   Dex:       It affects your dexterity (+4).
   rPois:     It protects you from poison.
   rN:        It protects you from negative energy.
   rCorr:     It protects you from acid and corrosion.
 c - a +1 dagger of venom
 i - a +0 flail
 o - a +0 short sword
 r - a +1 sling
 w - a +0 rapier
Missiles
 g - 40 stones
 B - 2 throwing nets
 D - 2 boomerangs
Armour
 m - a +2 ring mail of cold resistance
 n - a +2 helmet (worn)
 t - a +0 robe
 v - a +0 leather armour (worn)
 y - a +0 buckler (worn)
Magical Staves
 C - a staff of conjuration
Jewellery
 A - a +5 ring of evasion (left hand)
Scrolls
 e - 4 scrolls of enchant armour
 f - a scroll of summoning
 h - a scroll of amnesia
 j - a scroll of immolation
 p - a scroll of poison
 s - a scroll of fear
Potions
 b - a potion of magic
 d - 2 potions of flight
 k - a potion of might {unknown}
 l - a potion of haste {unknown}
 q - a potion of mutation {unknown}
 u - a potion of resistance {unknown}
 x - a potion of cancellation {unknown}
 z - a potion of brilliance {unknown}
 E - 2 potions of curing


   Skills:
 * Level 1.9 Fighting
 + Level 1.7 Armour
 * Level 2.2 Dodging
 * Level 3.0 Stealth
 * Level 0.7 Shields
 + Level 3.1 Spellcasting
 * Level 0.6 Conjurations
 - Level 0.7 Transmutations
 * Level 5.9 Earth Magic


You had 2 spell levels left.
You knew the following spells:

 Your Spells              Type           Power      Damage    Failure   Level
a - Sandblast             Erth           48%        2d12      2%          1
b - Passwall              Tmut/Erth      11%        N/A       11%         2
c - Stone Arrow           Conj/Erth      28%        3d8       22%         3
d - Mephitic Cloud        Conj/Pois/Air  3%         N/A       63%         3

Your spell library contained the following spells:

 Spells                   Type           Power      Damage    Failure   Level
 Magic Dart               Conj           20%        1d4       22%         1
 Apportation              Tloc           4%         N/A       28%         1
 Call Imp                 Summ           2%         N/A       41%         2
 Ensorcelled Hibernation  Hex/Ice        4%         N/A       41%         2
 Spider Form              Tmut/Pois      4%         N/A       58%         3
 Petrify                  Tmut/Erth      14%        N/A       58%         4
 Frozen Ramparts          Ice            4%         1d1       65%         3
 Ice Form                 Ice/Tmut       4%         N/A       94%         4
 Anguish                  Hex/Necr       1%         N/A       96%         4
 Summon Ice Beast         Ice/Summ       2%         N/A       96%         4
 Alistair's Intoxication  Tmut/Pois      2%         N/A       100%        5


Dungeon Overview and Level Annotations

Branches:
Dungeon (4/15)
 Temple: D:4-7

Altars:

Shops:
D:3 :

Annotations:
D:4 Ijyb, Menkaure


Innate Abilities, Weirdness & Mutations

You are immune to sickness and miasma.
Your stone body is resilient. (AC +4)
You are immune to poison.
You resist negative energy. (rN+)
You are resistant to electric shocks. (rElec)
You are resistant to unholy torment.
You are immune to petrification.


Message History

You hear an angry hiss.
Casting: Sandblast (safe; 2% risk of failure)
Confirm with . or Enter, or press ? or * to list all spells.
You don't have enough magic to cast this spell.
Casting: Sandblast (safe; 2% risk of failure)
Confirm with . or Enter, or press ? or * to list all spells.
Aiming: Sandblast (safe; 2% risk of failure)
Press: ? - help, Shift-Dir - straight line, f/p - Menkaure
Aim: Menkaure (blue smoke, moderately damaged, fast, 92% to hit)
The blast of sand hits Menkaure!
Menkaure is almost destroyed.
Menkaure calls on the powers of darkness!
Your body is wracked with pain!
The rat barely misses you. Menkaure closely misses you.
You block the rat's attack.
A ball python comes into view.
Menkaure misses you.
Casting: Sandblast (safe; 2% risk of failure)
Confirm with . or Enter, or press ? or * to list all spells.
Aiming: Sandblast (safe; 2% risk of failure)
Press: ? - help, Shift-Dir - straight line, f/p - Menkaure
Aim: Menkaure (blue smoke, severely damaged, fast, 92% to hit)
The blast of sand hits Menkaure.
Menkaure is almost destroyed.
The rat misses you. Menkaure barely misses you.
The ball python completely misses you. The ball python barely misses you.
The rat misses you. Menkaure hits you!!
Ouch! That really hurt!
* * * LOW HITPOINT WARNING * * *
The ball python bites you but does no damage.
The ball python grabs you. The ball python constricts you. The rat misses you.
Unknown command.
Okay, then.
You feel better.
You hear the slow rusting of a drain nearby.
You feel yourself speed up.
Menkaure points at you and mumbles some strange words.
Pain shoots through your body! The ball python misses you.
The ball python constricts you. Menkaure hits you!!
Ouch! That really hurt!
You die...

#.........$.##.........#
.... #......#..........# ..
.... #...............# ###.#
....##......#.......# ..#...
............##......##.....#
.#######..#..#....†..#<....#
..###.#..##..##§§...#.M.....
..##.....##.##§§§r§.#.......
.....##..##...§S@M§#..##.##
..... #.......§§§§§§..# ..
...# #......§.§§§§...# #
..#####..........§...#w.
...........#.........#.##
...#..##.............#..
...##.##....#..#...#.# ..
...##.......#......##. ...
......#....##


You could see Menkaure (fast), a ball python and a rat.

Vanquished Creatures
  A jelly (D:4)
  A gnoll bouda (D:4)
  An orc priest (D:2)
  Natasha (D:4)
  An orc wizard (D:2)
  4 gnolls
  5 adders
  2 dart slugs
  7 orcs
  8 ball pythons
  4 endoplasms
  5 giant cockroaches
  4 goblins
  9 hobgoblins
  2 jackals (D:3)
  3 quokkas
  6 bats
  2 frilled lizards (D:1)
  5 kobolds
  8 rats
79 creatures vanquished.

Notes
Turn   | Place    | Note
-------+----------+-------------------------------------------
     0 | D:1      | bjtr the Gargoyle Earth Elementalist began the quest for
                  | the Orb.
     0 | D:1      | Reached XP level 1. HP: 10/10 MP: 3/3
   138 | D:1      | Reached skill level 4 in Earth Magic
   138 | D:1      | Reached XP level 2. HP: 16/16 MP: 3/5
   163 | D:1      | Learned a level 2 spell: Passwall
   398 | D:1      | Reached XP level 3. HP: 20/20 MP: 0/6
  1019 | D:2      | Reached skill level 1 in Armour
  1403 | D:2      | Identified the +5 spear "Ysoor" {pain, rPois rN+ rCorr
                  | Dex+4}
  1446 | D:2      | Reached XP level 4. HP: 24/24 MP: 4/7
  1484 | D:2      | Reached skill level 1 in Fighting
  1637 | D:2      | Reached skill level 5 in Earth Magic
  1826 | D:2      | Reached XP level 5. HP: 29/29 MP: 5/9
  1893 | D:2      | Found a faded altar of an unknown god.
  2272 | D:3      | Found Comydat's Vocational Training.
  2341 | D:3      | Learned a level 3 spell: Stone Arrow
  2520 | D:3      | Learned a level 3 spell: Mephitic Cloud
  2879 | D:4      | Noticed Ijyb
  2906 | D:4      | Reached XP level 6. HP: 31/35 MP: 3/10
  2966 | D:4      | Noticed Natasha
  2978 | D:4      | Killed Natasha
  2979 | D:4      | Noticed Menkaure
  2990 | D:4      | Mangled by Menkaure

Illustrated notes

Levels and vault maps discovered:
D:1:      denvon_arrival_waterhouse, layout_loops_ring,
          corexii_hall_statues_deadend, minmay_tetromino_t2
D:2:      cheibrodos_pilgrimage, layout_loops_corners,
          hellmonk_ecumenical_altar_arch_garden
D:3:      layout_basic, nicolae_shop_vocational
D:4:      layout_cave_pools, portal_sewer_entry_a, uniq_natasha, uniq_menkaure,
          uniq_ijyb

Skill      XL: |  1  2  3  4  5  6 |
---------------+-------------------+-----
Earth Magic    | 4 5 |  5.9
Armour         | 1 |  1.7
Fighting       | 1 |  1.9
Dodging        | 2 |  2.2
Spellcasting   | 3 |  3.1
Stealth        | 3 |  3.0
Shields        | |  0.7
Conjurations   | |  0.6
Transmutations | |  0.7

Action                   |  1- 3 |  4- 6 || total
-------------------------+-------+-------++-------
Melee: Dagger            |     2 |       ||     2
       Spear             |     2 |    33 ||    35
       Flail             |     2 |       ||     2
 Cast: Sandblast         |    40 |    69 ||   109
  Use: Scroll            |     2 |    10 ||    12
       Potion            |       |     2 ||     2
 Stab: Sleeping          |     1 |     2 ||     3
       Distracted        |       |     1 ||     1
Armor: Robe              |    10 |     1 ||    11
       Leather armour    |       |    12 ||    12
Dodge: Dodged            |    31 |    74 ||   105
Block: Buckler           |       |     5 ||     5

Table legend: (Time is in decaauts)
 A = Elapsed time spent in this place.
 B = Non-inter-level travel time spent in this place.
 C = Inter-level travel time spent in this place.
 D = Time resting spent in this place.
 E = Time spent auto-exploring this place.
 F = Levels seen in this place.
 G = Mean time per level.
                   A        B        C        D        E       F      G
               +--------+--------+--------+--------+--------+-----+--------+
         Total |   3057 |   2975 |     82 |    157 |   2027 |   4 |  764.2 |
       Dungeon |   3057 |   2975 |     82 |    157 |   2027 |   4 |  764.2 |
               +--------+--------+--------+--------+--------+-----+--------+

Top non-repeatable levels by time:
     D:2: 1237 daAuts
     D:1: 987 daAuts
     D:3: 631 daAuts
     D:4: 200 daAuts
